[Event "Titled Tuesday Blitz July 25 Late 2023"]
[White "Mohamed Saeed Laily"]
[Black "Liu, Casper"]
[WhiteFideId "9314946"]
[BlackFideId "1454153"]
[WhiteElo "2259"]
[BlackElo "2461"]
[Result "0-1"]
[Round "7"]
[TimeControl "180+2"]
[Date "2023.07.25"]
[WhiteClock "0:00:00"]
[BlackClock "0:01:00"]
[Board "136"]

1. d4 Nf6 2. Bg5 g6 3. Bxf6 exf6 4. c4 Bg7 5. Nc3 O-O 6. e3 f5 7. g3 c5 8. Nge2 Nc6 9. Bg2 cxd4 10. exd4 Re8 11. O-O d6 12. Rb1 h5 13. b4 h4 14. b5 Nb8 15. Nf4 Nd7 16. Qd3 Nf6 17. Rfe1 a6 18. Rxe8+ Qxe8 19. b6 Ng4 20. Ncd5 Qa4 21. Ne7+ Kh7 22. h3 Nf6 23. Nxc8 Rxc8 24. Bxb7 Rxc4 25. Bxa6 Qxa6 26. b7 Nd7 27. b8=Q Nxb8 28. Rxb8 Rc1+ 29. Kg2 Qxa2 30. gxh4 Rc2 31. Qf3 Bxd4 32. h5 Rxf2+ 0-1


[Site "https://www.chess.com"]

[Event "Titled Tuesday Blitz July 25 Late 2023"]
[White "Alahakoon, Isuru"]
[Black "Chemin, Justo Reinaldo"]
[WhiteFideId "9900993"]
[BlackFideId "2101580"]
[WhiteElo "2341"]
[BlackElo "2251"]
[Result "0-1"]
[Round "7"]
[TimeControl "180+2"]
[Date "2023.07.25"]
[WhiteClock "0:00:00"]
[BlackClock "0:00:18"]
[Board "137"]

1. Nf3 d5 2. e3 c6 3. d4 Bf5 4. c4 e6 5. Nc3 Nf6 6. cxd5 exd5 7. Nh4 Be6 8. Bd3 Be7 9. Nf5 Bxf5 10. Bxf5 O-O 11. O-O Na6 12. Bc2 Nc7 13. Qd3 g6 14. f3 Ne6 15. Bd2 c5 16. dxc5 Bxc5 17. Kh1 d4 18. exd4 Qxd4 19. Bh6 Qxd3 20. Bxd3 Rfd8 21. Bc4 Bd4 22. Rae1 Bxc3 23. bxc3 Rd6 24. Rb1 b6 25. Rfe1 Rc8 26. Bxe6 Rxe6 27. Rxe6 fxe6 28. Bd2 Nd5 29. h3 Rc4 30. Rb3 Kf7 31. Kg1 a6 32. Kf2 b5 33. Ke2 e5 34. Kd3 Ke6 35. Ra3 Rc6 36. g4 h5 37. h4 hxg4 38. fxg4 Ne7 39. h5 gxh5 40. gxh5 Nf5 41. h6 Kd5 0-1


[Site "https://www.chess.com"]

[Event "Titled Tuesday Blitz July 25 Late 2023"]
[White "KSho99"]
[Black "UgarteCesar"]
[WhiteElo "2216"]
[BlackElo "2295"]
[Result "1-0"]
[Round "7"]
[TimeControl "180+2"]
[Date "2023.07.25"]
[WhiteClock "0:00:03"]
[BlackClock "0:00:35"]
[Board "138"]

1. d4 d5 2. Nc3 Nf6 3. Bf4 a6 4. e3 e6 5. g4 Bb4 6. Bg2 Nbd7 7. g5 Ng8 8. Ne2 Ne7 9. a3 Bd6 10. h4 Ng6 11. Bxd6 cxd6 12. h5 Ne7 13. h6 g6 14. e4 dxe4 15. Nxe4 Qc7 16. N2c3 Nf5 17. Qd2 Rb8 18. Qf4 b5 19. O-O Bb7 20. Rad1 O-O 21. Rfe1 Bc6 22. Bh3 e5 23. Qd2 exd4 24. Bxf5 dxc3 25. Qxc3 b4 26. Qg7# 1-0


[Site "https://www.chess.com"]

[Event "Titled Tuesday Blitz July 25 Late 2023"]
[White "Clawitter, Craig"]
[Black "Novikova, Margarita"]
[WhiteFideId "2023105"]
[BlackFideId "14109689"]
[WhiteElo "2276"]
[BlackElo "2165"]
[Result "0-1"]
[Round "7"]
[TimeControl "180+2"]
[Date "2023.07.25"]
[WhiteClock "0:00:00"]
[BlackClock "0:01:40"]
[Board "139"]

1. e4 d5 2. exd5 Qxd5 3. Nc3 Qd6 4. d4 Nf6 5. Nf3 Bg4 6. h3 Bh5 7. g4 Bg6 8. Ne5 Nc6 9. Nxc6 bxc6 10. Bg2 e6 11. Qf3 Nd5 12. O-O Bxc2 13. Nxd5 cxd5 14. Bf4 Qb6 15. Rac1 Be4 16. Qc3 Bxg2 17. Kxg2 Bd6 18. Bxd6 cxd6 19. Qc8+ Ke7 20. Rc7+ Kf6 21. Qd7 Rhf8 22. Qe7+ Kg6 23. Qh4 Qxc7 24. f4 h6 25. f5+ Kh7 26. g5 Qc2+ 27. Rf2 Qe4+ 28. Kh2 Qxh4 0-1


[Site "https://www.chess.com"]

[Event "Titled Tuesday Blitz July 25 Late 2023"]
[White "Schut, Han"]
[Black "Burke, Paul"]
[WhiteFideId "1005561"]
[BlackFideId "2605767"]
[WhiteElo "2273"]
[BlackElo "1933"]
[Result "1-0"]
[Round "7"]
[TimeControl "180+2"]
[Date "2023.07.25"]
[WhiteClock "0:00:02"]
[BlackClock "0:00:12"]
[Board "140"]

1. e4 e5 2. Nf3 Nc6 3. Bc4 Be7 4. d4 exd4 5. c3 d6 6. cxd4 Nf6 7. Nc3 O-O 8. O-O Bg4 9. Be3 Nxe4 10. Nxe4 d5 11. Bd3 dxe4 12. Bxe4 f5 13. Bxc6 bxc6 14. Qb3+ Kh8 15. Ne5 Qd5 16. Qxd5 cxd5 17. Nxg4 fxg4 18. Rac1 Bd6 19. Rc2 Kg8 20. Rfc1 a5 21. g3 a4 22. a3 Rab8 23. Kf1 Rb3 24. Re1 Rfb8 25. Ree2 Rd3 26. Red2 Rbb3 27. Ke2 Rxd2+ 28. Kxd2 Kf7 29. Kd1 Rd3+ 30. Rd2 Rb3 31. Kc2 Ke6 32. Rd3 Rb7 33. Bd2 Kf5 34. Re3 Rb8 35. f3 gxf3 36. Rxf3+ Ke4 37. Rf7 Rg8 38. Bc3 h5 39. Kd2 g6 40. Ke2 Re8 41. Kd2 c5 42. dxc5 Bxc5 43. Rf4# 1-0


[Site "https://www.chess.com"]

[Event "Titled Tuesday Blitz July 25 Late 2023"]
[White "Jahnz, Fabian"]
[Black "Coro, Lucas"]
[WhiteFideId "4653300"]
[BlackFideId "147222"]
[WhiteElo "2145"]
[BlackElo "2403"]
[Result "0-1"]
[Round "7"]
[TimeControl "180+2"]
[Date "2023.07.25"]
[WhiteClock "0:00:12"]
[BlackClock "0:00:57"]
[Board "141"]

1. e4 c5 2. Nf3 d6 3. Bb5+ Nc6 4. d4 cxd4 5. Nxd4 Bd7 6. Nxc6 bxc6 7. Bd3 g6 8. O-O Bg7 9. c4 Nf6 10. Nc3 O-O 11. h3 a5 12. Be3 Be6 13. Rc1 Nd7 14. b3 Nc5 15. Bb1 Qb8 16. Bd4 Qb4 17. Bxg7 Kxg7 18. Qd4+ f6 19. f4 a4 20. f5 Bg8 21. Rf3 axb3 22. fxg6 Qxc4 23. Qxc4 Bxc4 24. axb3 Nxb3 25. Rc2 Nd4 26. gxh7 Nxf3+ 27. gxf3 Ra1 28. Kf2 Rb8 29. e5 Bd3 30. Ra2 Rbxb1 31. exf6+ exf6 32. Nxb1 Rxa2+ 33. Ke3 Bxb1 0-1


[Site "https://www.chess.com"]

[Event "Titled Tuesday Blitz July 25 Late 2023"]
[White "Ardila, Oscar Humberto"]
[Black "The_Straightforward_Rook"]
[WhiteFideId "4404742"]
[WhiteElo "2213"]
[BlackElo "2388"]
[Result "1-0"]
[Round "7"]
[TimeControl "180+2"]
[Date "2023.07.25"]
[WhiteClock "0:01:08"]
[BlackClock "0:01:37"]
[Board "142"]

1. d4 Nf6 2. c4 e6 3. Nc3 Bb4 4. Bd2 O-O 5. Nf3 d5 6. e3 b6 7. Be2 Bb7 8. O-O Re8 9. Nxd5 Nxd5 10. cxd5 Bxd2 11. Qxd2 Qxd5 12. b3 Nd7 13. Rac1 c5 14. Rfd1 cxd4 15. Qxd4 Nf6 16. Qxd5 Bxd5 17. Rc7 Rec8 18. Rdc1 Rxc7 19. Rxc7 Ne8 20. Rd7 Bc6 21. Rd1 Kf8 22. Ne5 Bd5 23. Bf3 Rd8 24. Nc6 Rc8 25. Bxd5 exd5 26. Nb4 Nf6 27. h3 a5 28. Nxd5 Rd8 29. Nc3 Rc8 30. Na4 b5 31. Nb6 Rc2 32. a4 b4 33. Nc4 Ne4 34. f3 Nc3 35. Rd8+ Ke7 36. Rb8 h5 37. Nxa5 h4 38. Rxb4 Ne2+ 39. Kh2 Ng3 40. Rxh4 Nf1+ 41. Kg1 Nxe3 42. Re4+ Kd6 43. Rxe3 1-0


[Site "https://www.chess.com"]

[Event "Titled Tuesday Blitz July 25 Late 2023"]
[White "Kostiukov, Alexandr"]
[Black "Quirke, Jeffrey"]
[WhiteFideId "14108100"]
[BlackFideId "2013029"]
[WhiteElo "2319"]
[BlackElo "2183"]
[Result "1-0"]
[Round "7"]
[TimeControl "180+2"]
[Date "2023.07.25"]
[WhiteClock "0:00:44"]
[BlackClock "0:00:00"]
[Board "143"]

1. g3 c6 2. Bg2 d5 3. d3 Nf6 4. e4 e5 5. Qe2 Bd6 6. Nf3 O-O 7. O-O Re8 8. c4 dxc4 9. dxc4 Nbd7 10. Nc3 Qc7 11. Rd1 a5 12. Nh4 Bf8 13. Nf5 Nc5 14. f3 Ne6 15. Be3 Bc5 16. Rd2 Bxe3+ 17. Qxe3 b6 18. Rad1 Ba6 19. b3 Red8 20. h4 Rxd2 21. Rxd2 Rd8 22. Bh3 Bc8 23. Kf2 Nd4 24. Nxg7 Bxh3 25. Qg5 Kf8 26. Qxf6 Qd6 27. Nh5 Qxf6 28. Nxf6 Kg7 29. Nh5+ Kh6 30. g4 Rg8 31. Ne2 Bxg4 32. Nf6 1-0


[Site "https://www.chess.com"]

[Event "Titled Tuesday Blitz July 25 Late 2023"]
[White "Bazzano, Sebastian"]
[Black "Manon-og, Ramon Jr."]
[WhiteFideId "104566"]
[BlackFideId "5200776"]
[WhiteElo "2206"]
[BlackElo "2301"]
[Result "0-1"]
[Round "7"]
[TimeControl "180+2"]
[Date "2023.07.25"]
[WhiteClock "0:00:00"]
[BlackClock "0:00:48"]
[Board "144"]

1. d4 Nf6 2. Bf4 c5 3. dxc5 Qa5+ 4. c3 Qxc5 5. Qd4 Qxd4 6. cxd4 Nc6 7. Nf3 Nd5 8. Bg3 g6 9. Nc3 Nxc3 10. bxc3 Bg7 11. e4 O-O 12. Bd3 e5 13. d5 Na5 14. Bxe5 Bxe5 15. Nxe5 Re8 16. Nf3 f5 17. e5 d6 18. e6 a6 19. Kd2 b5 20. h4 Bb7 21. a4 Nb3+ 22. Kc2 Nxa1+ 23. Rxa1 Bxd5 24. Nd4 Bxe6 25. Nxe6 Rxe6 26. axb5 d5 27. bxa6 Ra7 28. Rb1 Kg7 29. Rb7+ Re7 30. Rxa7 Rxa7 31. Kb3 Kf6 32. Kb4 Rc7 33. c4 dxc4 34. Bxc4 Ke5 35. Kb5 Kd4 36. Be2 Rc2 37. Bf3 Rxf2 38. a7 Rb2+ 39. Ka6 Ra2+ 40. Kb7 Ke5 0-1


[Site "https://www.chess.com"]

[Event "Titled Tuesday Blitz July 25 Late 2023"]
[White "Oliveira, Tiago Batista"]
[Black "Broca Jimenez, Fernando"]
[WhiteFideId "2108291"]
[BlackFideId "5104742"]
[WhiteElo "2158"]
[BlackElo "2270"]
[Result "1-0"]
[Round "7"]
[TimeControl "180+2"]
[Date "2023.07.25"]
[WhiteClock "0:01:17"]
[BlackClock "0:01:15"]
[Board "145"]

1. d4 c5 2. d5 e6 3. c4 Nf6 4. Nc3 exd5 5. cxd5 Bd6 6. g3 O-O 7. Bg2 Na6 8. Nf3 Re8 9. O-O Nc7 10. a4 b6 11. Re1 Bb7 12. e4 Bf8 13. Bg5 h6 14. Bxf6 Qxf6 15. e5 Qg6 16. d6 Bxf3 17. Bxf3 Ne6 18. Bxa8 Rxa8 19. Qf3 Nd4 20. Qxa8 Qf5 21. f4 Qg4 22. Rf1 g6 23. Rae1 h5 24. Qe4 Nf5 25. Nd5 Kh7 26. Nf6+ 1-0


[Site "https://www.chess.com"]

[Event "Titled Tuesday Blitz July 25 Late 2023"]
[White "Tsukerman, Julia"]
[Black "disciplinedbrat"]
[WhiteFideId "2621649"]
[WhiteElo "2115"]
[BlackElo "2266"]
[Result "1-0"]
[Round "7"]
[TimeControl "180+2"]
[Date "2023.07.25"]
[WhiteClock "0:00:11"]
[BlackClock "0:00:20"]
[Board "146"]

1. e4 b6 2. d4 Ba6 3. Ne2 g6 4. Nbc3 Bg7 5. Be3 d6 6. Qd2 Nf6 7. f3 c5 8. g4 Nc6 9. h4 cxd4 10. Nxd4 Nxd4 11. Bxd4 Bxf1 12. Rxf1 Rc8 13. h5 gxh5 14. Qg5 Kf8 15. gxh5 h6 16. Qh4 e5 17. Be3 b5 18. O-O-O b4 19. Nd5 a5 20. Kb1 Nxd5 21. Qxd8+ Rxd8 22. Rxd5 a4 23. Rfd1 Ke7 24. Bb6 Rd7 25. Ra5 a3 26. bxa3 bxa3 27. Rxa3 Rb8 28. Rb3 Rdb7 29. Be3 Bf8 30. Kc1 Ke6 31. Rdd3 Rxb3 32. Rxb3 Ra8 33. a3 f5 34. Kb2 f4 35. Bf2 Be7 36. Rd3 d5 37. exd5+ Kf5 38. c4 Rb8+ 39. Rb3 Rc8 40. Rc3 Rb8+ 41. Kc2 Rg8 42. Kb3 Rg2 43. Rc2 e4 44. fxe4+ Kxe4 45. c5 Kxd5 46. c6 Rg8 47. c7 Rc8 48. a4 Bd6 49. Bb6 f3 50. a5 f2 51. Rxf2 Bxc7 52. Rc2 Kd6 53. Bxc7+ Rxc7 54. Rxc7 Kxc7 55. Kc4 Kb7 56. Kb5 Ka7 57. Kc6 Ka6 58. Kd6 Kxa5 59. Ke6 Kb6 60. Kf6 Kc7 61. Kg6 Kd7 62. Kxh6 Ke8 63. Kg7 Ke7 64. h6 Ke6 65. h7 Kd5 66. h8=Q Kc4 67. Qd8 Kb3 68. Kf7 Ka2 69. Qb6 Ka1 70. Ke6 1-0


[Site "https://www.chess.com"]

[Event "Titled Tuesday Blitz July 25 Late 2023"]
[White "Thiel, Thomas"]
[Black "Tarnowska, Aleksandra"]
[WhiteFideId "4615964"]
[BlackFideId "1180967"]
[WhiteElo "2260"]
[BlackElo "2102"]
[Result "0-1"]
[Round "7"]
[TimeControl "180+2"]
[Date "2023.07.25"]
[WhiteClock "0:00:56"]
[BlackClock "0:00:20"]
[Board "147"]

1. e4 c5 2. Nc3 d6 3. f4 g6 4. Nf3 Bg7 5. Bc4 Nc6 6. O-O Nf6 7. Qe1 Nb4 8. Bb3 O-O 9. a3 Nc6 10. d3 Nd4 11. Nxd4 cxd4 12. Nd5 Nxd5 13. Bxd5 e6 14. Ba2 Qc7 15. Rf2 Bd7 16. Kh1 Ba4 17. f5 exf5 18. exf5 Rae8 19. Qf1 Bxc2 20. f6 Bh8 21. Bh6 Ba4 22. Bxf8 Kxf8 23. Rc1 Qd7 24. Re1 Bc6 25. Rfe2 Rxe2 26. Rxe2 d5 27. Qf4 Qc8 28. Qd6+ Kg8 29. g3 h5 30. Re7 Be8 31. Qxd5 Qc1+ 32. Kg2 Bc6 0-1


[Site "https://www.chess.com"]

[Event "Titled Tuesday Blitz July 25 Late 2023"]
[White "Akhayan, Ruben"]
[Black "Gyulamiryan-koryun"]
[WhiteFideId "204439"]
[WhiteElo "2256"]
[BlackElo "2062"]
[Result "0-1"]
[Round "7"]
[TimeControl "180+2"]
[Date "2023.07.25"]
[WhiteClock "0:00:14"]
[BlackClock "0:00:32"]
[Board "148"]

1. d4 Nf6 2. Nf3 g6 3. Bg5 Bg7 4. e3 O-O 5. Bd3 c5 6. c3 b6 7. Nbd2 d5 8. Qe2 c4 9. Bc2 Nc6 10. Ne5 Qe8 11. h4 Nd7 12. Nxc6 f6 13. Bf4 e5 14. Bg3 Bb7 15. Nb4 a5 16. Nxd5 Bxd5 17. Nxc4 Bxg2 18. Rg1 Bd5 19. O-O-O b5 20. Nd6 Qe6 21. dxe5 fxe5 22. Rxd5 a4 23. Rd2 b4 24. Qc4 Qxc4 25. Nxc4 b3 26. Bb1 Nc5 27. Bxe5 bxa2 28. Bxa2 Nb3+ 29. Bxb3 axb3 30. Kb1 Ra4 31. Bxg7 Kxg7 32. Rd7+ Kh6 33. Na3 Rxf2 34. Rgd1 Rxh4 35. Nc4 Rxc4 36. Rh1+ Kg5 37. Rdxh7 Rg4 38. Rb7 Rgg2 39. Rxb3 Rg3 40. Rb5+ Kg4 41. Re1 Rff3 42. Rb6 g5 43. e4 Rf2 44. e5 Rgg2 45. e6 Re2 46. Rxe2 Rxe2 47. c4 Kf3 48. c5 g4 49. c6 g3 50. c7 g2 51. c8=Q g1=Q+ 52. Ka2 Qxb6 53. Qc3+ Re3 54. Qf6+ Ke2 55. Qc3 Rxc3 0-1


[Site "https://www.chess.com"]

[Event "Titled Tuesday Blitz July 25 Late 2023"]
[White "Vaglio Munoz, Jaime"]
[Black "dorpato"]
[WhiteFideId "6500145"]
[WhiteElo "2241"]
[BlackElo "2040"]
[Result "1-0"]
[Round "7"]
[TimeControl "180+2"]
[Date "2023.07.25"]
[WhiteClock "0:01:23"]
[BlackClock "0:00:00"]
[Board "149"]

1. e4 c5 2. a3 d6 3. b4 b6 4. Bb2 Bb7 5. d3 Nf6 6. Nf3 g6 7. Bxf6 exf6 8. bxc5 dxc5 9. Nbd2 Bg7 10. g3 O-O 11. Bg2 f5 12. exf5 Bxa1 13. Qxa1 Nd7 14. O-O Qf6 15. fxg6 fxg6 16. Qa2+ Kg7 17. h4 Bxf3 18. Nxf3 Rae8 19. Ng5 h6 20. Ne4 Qe6 21. Qb2+ Qe5 22. Qb5 Nf6 23. Nd2 Qe7 24. Nc4 Ng4 25. Qb2+ Qf6 26. c3 Re6 27. Be4 Rfe8 28. f3 Ne5 29. Ne3 Nc6 30. Nd5 Qf7 31. f4 Rd8 32. c4+ Kh7 33. f5 Rxe4 34. fxg6+ Qxg6 35. dxe4 Nd4 36. Nf6+ Kg7 37. Qf2 Rf8 38. e5 Ne6 39. h5 Qg5 40. Re1 Rd8 41. Qf3 Rd2 42. Qb7+ Kf8 43. Qc8+ 1-0


[Site "https://www.chess.com"]

[Event "Titled Tuesday Blitz July 25 Late 2023"]
[White "Navyblue1"]
[Black "Sarkar, Justin"]
[BlackFideId "2010011"]
[WhiteElo "1959"]
[BlackElo "2224"]
[Result "0-1"]
[Round "7"]
[TimeControl "180+2"]
[Date "2023.07.25"]
[WhiteClock "0:00:24"]
[BlackClock "0:00:06"]
[Board "150"]

1. d4 Nf6 2. c4 g6 3. Nc3 Bg7 4. e4 d6 5. h3 Nbd7 6. Be3 e5 7. d5 Nc5 8. Qc2 a5 9. Nf3 O-O 10. Be2 Ne8 11. Nd2 f5 12. f3 Bh6 13. Bxh6 Qh4+ 14. Kd1 Qxh6 15. Nb3 Nxb3 16. Qxb3 Qg5 17. Rg1 Qe3 18. Rf1 fxe4 19. Nxe4 Qxb3+ 20. axb3 Nf6 21. Kd2 Nxe4+ 22. fxe4 Rxf1 23. Bxf1 Bd7 24. b4 b6 25. bxa5 Rxa5 26. Rxa5 bxa5 27. Kc3 c5 28. b3 Kf7 29. Kd3 Kf6 30. Ke3 Kg5 31. Kf3 h5 32. Kg3 h4+ 33. Kf3 Kh5 34. Be2 g5 35. Ke3+ g4 36. Kf2 Kg5 37. Ke3 gxh3 38. gxh3 Bxh3 39. Bf3 Bg4 40. Bh1 h3 41. Kf2 Kf4 42. Ke1 Bf3 43. Bxf3 Kxf3 44. Kf1 h2 45. Ke1 h1=Q+ 46. Kd2 Kxe4 47. Kc3 Qf3+ 48. Kb2 Kd4 49. Ka3 Kc3 50. Ka4 Qd3 51. Kxa5 Kxb3 52. Kb6 Qxc4 53. Kc6 Qxd5+ 54. Kxd5 c4 55. Kxd6 c3 56. Kxe5 c2 57. Ke6 c1=Q 58. Kf6 Qe3 59. Kf7 Kc4 60. Kf8 Kd5 61. Kg7 Ke6 62. Kg8 Qf3 63. Kh7 0-1


[Site "https://www.chess.com"]

[Event "Titled Tuesday Blitz July 25 Late 2023"]
[White "De Souza, Cristiano Gomes"]
[Black "Lutz, Igor Oscar"]
[WhiteFideId "2151758"]
[BlackFideId "2110806"]
[WhiteElo "2217"]
[BlackElo "1947"]
[Result "0-1"]
[Round "7"]
[TimeControl "180+2"]
[Date "2023.07.25"]
[WhiteClock "0:00:15"]
[BlackClock "0:00:14"]
[Board "151"]

1. d4 d5 2. c4 c6 3. Nf3 e6 4. Nc3 Nf6 5. Bg5 Be7 6. e3 Nbd7 7. Rc1 dxc4 8. Bxc4 Nd5 9. Bxe7 Qxe7 10. Ne4 O-O 11. O-O e5 12. dxe5 Nxe5 13. Bxd5 cxd5 14. Qxd5 Nxf3+ 15. gxf3 Be6 16. Qd6 Qh4 17. Qg3 Qh6 18. Rc7 Bxa2 19. Rxb7 Bd5 20. Rd7 Bxe4 21. fxe4 Qc6 22. Rfd1 Qxe4 23. Ra1 Rfd8 24. Rxd8+ Rxd8 25. Qc7 Qg4+ 26. Kf1 Rd1+ 27. Rxd1 Qxd1+ 28. Kg2 Qg4+ 29. Qg3 Qe4+ 30. Qf3 Qg6+ 31. Kh3 Qe6+ 32. Kg2 Qg6+ 33. Qg3 Qe4+ 34. Kh3 h5 35. Qg1 Qe6+ 36. Kg2 Qg6+ 37. Kh1 Qe4+ 38. Qg2 Qb1+ 39. Qg1 Qxb2 40. Kg2 Qb7+ 41. f3 Qb2+ 42. Kg3 Qe5+ 43. f4 Qe4 44. Qc1 Qf5 45. Kf2 Qh3 46. Kg1 Qg4+ 47. Kf2 Qe6 48. Qc5 g6 49. Qxa7 Qg4 50. Qa8+ Kg7 51. Qf3 Qxf3+ 52. Kxf3 Kf6 53. h4 Kf5 54. e4+ Kf6 55. Ke3 Ke6 56. Kd4 Kd6 57. Kc4 Kc6 58. Kd4 Kd6 59. Kd3 Kc5 60. Kc3 Kd6 61. Kd4 Ke6 62. Kc5 f6 63. Kc6 g5 64. fxg5 fxg5 65. hxg5 h4 66. g6 h3 67. g7 Kf7 68. Kd7 h2 69. e5 Kxg7 70. e6 h1=Q 71. e7 Qd5+ 72. Kc8 Qe6+ 73. Kd8 Qd6+ 74. Ke8 Kf6 0-1


[Site "https://www.chess.com"]

[Event "Titled Tuesday Blitz July 25 Late 2023"]
[White "Vargas, Mauricio"]
[Black "Alexikov, Alexander"]
[WhiteFideId "4404572"]
[BlackFideId "14103958"]
[WhiteElo "1882"]
[BlackElo "2214"]
[Result "0-1"]
[Round "7"]
[TimeControl "180+2"]
[Date "2023.07.25"]
[WhiteClock "0:00:00"]
[BlackClock "0:00:05"]
[Board "152"]

1. e4 c5 2. Nc3 d6 3. f4 Nc6 4. Nf3 g6 5. Bb5 Bd7 6. O-O Bg7 7. d3 a6 8. Bxc6 Bxc6 9. Bd2 e6 10. a3 Ne7 11. Rb1 a5 12. Ne2 d5 13. e5 d4 14. Ng3 O-O 15. Ne4 Bxe4 16. dxe4 Qd7 17. Qe1 a4 18. Qh4 b5 19. f5 exf5 20. Bh6 f6 21. exf6 Bxf6 22. Qh3 Rfd8 23. e5 Bh8 24. Rbe1 Nd5 25. Ng5 Re8 26. e6 Qc7 27. Qf3 Rad8 28. Re2 Ne3 29. Rfe1 Rd6 30. Qg3 Qe7 31. Nf7 Rd5 32. Nxh8 Kxh8 33. Qf3 Qxe6 34. c3 Qe4 35. Qg3 Rde5 36. cxd4 cxd4 37. Bg5 R5e6 38. Qc7 Kg8 0-1


[Site "https://www.chess.com"]

[Event "Titled Tuesday Blitz July 25 Late 2023"]
[White "Floresvillar Gonzalez, Luis Migu"]
[Black "Biliy, Vadim"]
[WhiteFideId "5100542"]
[BlackFideId "14114127"]
[WhiteElo "2097"]
[BlackElo "2275"]
[Result "0-1"]
[Round "7"]
[TimeControl "180+2"]
[Date "2023.07.25"]
[WhiteClock "0:00:00"]
[BlackClock "0:00:24"]
[Board "153"]

1. e4 d6 2. Nf3 Nf6 3. Nc3 g6 4. Bc4 Bg7 5. d3 O-O 6. Bg5 c6 7. Bb3 Nbd7 8. Qd2 Nc5 9. Bh6 Nxb3 10. axb3 e5 11. h3 Qe7 12. g4 a6 13. Na4 Qc7 14. Qe3 Be6 15. Nb6 Rad8 16. Nc4 Rfe8 17. Bxg7 Kxg7 18. Qg5 h6 19. Qh4 Bxc4 20. bxc4 d5 21. g5 hxg5 22. Nxg5 dxc4 23. dxc4 Qb6 24. b3 Qb4+ 25. Kf1 Qd2 26. Kg2 Rh8 27. Qg3 Qf4 28. Qxf4 exf4 29. Rad1 Rhe8 30. f3 Nh5 0-1


[Site "https://www.chess.com"]

[Event "Titled Tuesday Blitz July 25 Late 2023"]
[White "Hartikainen, Jarmo"]
[Black "Vafin, Ayrat"]
[WhiteFideId "503134"]
[BlackFideId "4146530"]
[WhiteElo "2073"]
[BlackElo "2223"]
[Result "1-0"]
[Round "7"]
[TimeControl "180+2"]
[Date "2023.07.25"]
[WhiteClock "0:00:37"]
[BlackClock "0:00:00"]
[Board "154"]

1. e4 c6 2. d4 d5 3. Nd2 dxe4 4. Nxe4 Bf5 5. Ng3 Bg6 6. h4 h6 7. Bc4 Nd7 8. N1e2 e6 9. Nf4 Bh7 10. Qe2 Qe7 11. Bb3 Ngf6 12. Bd2 a5 13. a4 Qd6 14. c3 Be7 15. Ngh5 Nxh5 16. Nxh5 O-O 17. Bf4 e5 18. Bxe5 Nxe5 19. Qxe5 Qxe5+ 20. dxe5 Rad8 21. Rd1 Rxd1+ 22. Kxd1 Rd8+ 23. Kc1 Bc5 24. Rf1 Kf8 25. Bc2 g6 26. Ng3 Re8 27. Ne4 Ba7 28. Nf6 Rxe5 29. Nxh7+ Kg7 30. Rd1 Kxh7 31. Rd7 Bxf2 32. Rxf7+ Kg8 33. Rxf2 Rh5 34. g3 Rd5 35. Bxg6 Rd7 36. Bf5 Rf7 37. g4 h5 38. Be6 1-0


[Site "https://www.chess.com"]

[Event "Titled Tuesday Blitz July 25 Late 2023"]
[White "Silvestre, Christian"]
[Black "Sainz Aguirre, Ignacio"]
[WhiteFideId "30956269"]
[BlackFideId "5101727"]
[WhiteElo "2104"]
[BlackElo "1958"]
[Result "0-1"]
[Round "7"]
[TimeControl "180+2"]
[Date "2023.07.25"]
[WhiteClock "0:00:08"]
[BlackClock "0:00:06"]
[Board "155"]

1. b3 c5 2. Bb2 Nc6 3. f4 d6 4. Nf3 Nf6 5. e3 g6 6. Be2 Bg7 7. O-O O-O 8. c4 a6 9. Nc3 Rb8 10. Rc1 e5 11. g3 Bh3 12. Re1 exf4 13. exf4 Re8 14. Ng5 Bf5 15. d3 d5 16. Na4 dxc4 17. dxc4 Nd4 18. Bxd4 cxd4 19. Bf1 d3 20. Qd2 Qd4+ 21. Kg2 Rxe1 22. Rxe1 Ne4 23. Nxe4 Bxe4+ 24. Kh3 Qd7+ 25. g4 h5 26. Qd1 hxg4+ 27. Kg3 Bf3 28. Qxd3 Qxd3 29. Bxd3 Rd8 30. Be4 Re8 31. Nc5 b6 32. Bxf3 Rxe1 33. Nd3 Re3 34. Kxg4 Rxd3 35. Bd5 Rxd5 36. f5 Rxf5 0-1


[Site "https://www.chess.com"]

[Event "Titled Tuesday Blitz July 25 Late 2023"]
[White "Carlsen, Magnus"]
[Black "Vachier-Lagrave, Maxime"]
[WhiteFideId "1503014"]
[BlackFideId "623539"]
[WhiteElo "3263"]
[BlackElo "3170"]
[Result "0-1"]
[Round "8"]
[TimeControl "180+2"]
[Date "2023.07.25"]
[WhiteClock "0:00:00"]
[BlackClock "0:00:07"]
[Board "1"]

1. e4 c6 2. Bc4 d5 3. Bb3 dxe4 4. Qh5 g6 5. Qh4 Nf6 6. Nc3 Bg7 7. f3 Nbd7 8. fxe4 Nc5 9. Nf3 O-O 10. d3 h5 11. h3 e5 12. O-O Qd6 13. Bg5 Nxb3 14. axb3 Re8 15. Qf2 Nh7 16. Be3 a6 17. Na4 Be6 18. Nc5 Qc7 19. Nd2 f6 20. Nxe6 Rxe6 21. Qg3 Nf8 22. Nf3 c5 23. Rf2 Kh7 24. Raf1 b6 25. Qh4 Kg8 26. g4 hxg4 27. hxg4 g5 28. Qh5 Qd7 29. Rh2 Qe8 30. Qh3 a5 31. Nd2 a4 32. bxa4 Rxa4 33. Nb1 Ra2 34. c4 Ra1 35. Nc3 Rxf1+ 36. Qxf1 Ng6 37. Qf5 Nh4 38. Qf1 Ng6 39. Nd5 Rd6 40. Qh3 Nf4 41. Qh7+ Kf8 42. Qf5 Qe6 43. Qxe6 Rxe6 44. b4 Nxd3 45. b5 Nf4 46. Ra2 Rd6 47. Kf2 Nxd5 48. exd5 Kf7 49. Kf3 Kg6 50. Ke4 Bf8 51. Ra6 Be7 52. Ra7 Bf8 53. Rb7 Bg7 54. Rc7 Bf8 55. Bf2 Rd8 56. Rc6 Rd6 57. Bg3 Be7 58. Bxe5 fxe5 59. Kxe5 Rf6 60. Re6 Kf7 61. Rxf6+ Bxf6+ 62. Kd6 Ke8 63. Kc7 Bd8+ 64. Kc8 Ke7 65. Kb7 Kd7 66. Kb8 Bc7+ 67. Kb7 Bd8 68. Kb8 Kd6 69. Kc8 Bc7 70. Kb7 Kd7 71. Ka7 Kc8 72. Ka6 Kb8 73. d6 Bd8 74. d7 Kc7 0-1


[Site "https://www.chess.com"]

[Event "Titled Tuesday Blitz July 25 Late 2023"]
[White "Nakamura, Hikaru"]
[Black "Pranav, V"]
[WhiteFideId "2016192"]
[BlackFideId "25060783"]
[WhiteElo "3265"]
[BlackElo "3021"]
[Result "1/2-1/2"]
[Round "8"]
[TimeControl "180+2"]
[Date "2023.07.25"]
[WhiteClock "0:00:58"]
[BlackClock "0:00:10"]
[Board "2"]

1. e4 c5 2. Nf3 d6 3. d4 cxd4 4. Qxd4 Nf6 5. Nc3 Nc6 6. Bb5 Bd7 7. Bxc6 Bxc6 8. Bg5 e6 9. O-O-O Be7 10. Qd3 a6 11. Nd4 Qc7 12. f4 Rc8 13. Kb1 h6 14. Bh4 Nxe4 15. Nxe4 Bxe4 16. Qxe4 Bxh4 17. Nf5 d5 18. Rxd5 Kf8 19. Nxh4 exd5 20. Qf5 Kg8 21. Rd1 g6 22. Nxg6 fxg6 23. Qxg6+ Qg7 24. Qe6+ Kh7 25. Qf5+ Qg6 26. Qd7+ Qg7 27. Qf5+ Qg6 28. Qd7+ Qg7 29. Qf5+ 1/2-1/2


[Site "https://www.chess.com"]

[Event "Titled Tuesday Blitz July 25 Late 2023"]
[White "Kevlishvili, Robby"]
[Black "Naroditsky, Daniel"]
[WhiteFideId "1040634"]
[BlackFideId "2026961"]
[WhiteElo "3012"]
[BlackElo "3148"]
[Result "1/2-1/2"]
[Round "8"]
[TimeControl "180+2"]
[Date "2023.07.25"]
[WhiteClock "0:00:53"]
[BlackClock "0:01:00"]
[Board "3"]

1. e4 Nf6 2. e5 Nd5 3. d4 d6 4. Nf3 dxe5 5. Nxe5 c6 6. Be2 Bf5 7. O-O Nd7 8. Nf3 e6 9. c4 N5f6 10. Nc3 Bd6 11. Nh4 Bg6 12. g3 O-O 13. Nxg6 hxg6 14. Be3 Qe7 15. Bf3 Rfd8 16. Qb3 Rab8 17. Rfe1 e5 18. Qc2 Re8 19. Qd2 exd4 20. Bxd4 Ne5 21. Bg2 Nxc4 22. Rxe7 Nxd2 23. Rxe8+ Rxe8 24. Rd1 Nc4 25. b3 Ne5 26. Bxa7 Bb4 27. Bd4 Ned7 28. Kf1 Ra8 29. a4 Nc5 30. Bxc5 Bxc5 31. Ne4 1/2-1/2


[Site "https://www.chess.com"]